 Dungeon Crawl Stone Soup version 0.31.0-11-ge490571c62 (webtiles) character file.

Game seed: 3057708920166231829

495 qw the Skirmisher (level 6, 0/35 HPs)
             Began as a Deep Elf Hunter on Feb 3, 2024.
             Succumbed to a water moccasin's poison
             ... on level 5 of the Dungeon.
             The game lasted 00:00:13 (3199 turns).

qw the Skirmisher (Deep Elf Hunter)                 Turns: 3199, Time: 00:00:14

Health: 0/35       AC:  6    Str:  8    XL:     6   Next: 92%
Magic:  8/8        EV: 14    Int: 19    God:
Gold:   163        SH:  0    Dex: 22    Spells: 5/5 levels left

rFire   . . .        a - +0 shortbow (freeze)
rCold   . . .        (shield currently unavailable)
rNeg    . . .        e - +1 leather armour of the Land of Plenty {Str-2 Int+5 Dex+4}
rPois   .            f - +0 helmet
rElec   .            (no cloak)
rCorr   .            (no gloves)
SInv    .            i - +0 pair of boots
Will    .....        n - amulet of regeneration
Stlth   +            (no ring)
HPRegen 1.05/turn    (no ring)
MPRegen 0.11/turn

%: no passive effects
@: lethally poisoned (0 -> -6), on fire, hasted, glowing, very quick
A: no striking features
a: no special abilities


You were on level 5 of the Dungeon.
You visited 1 branch of the dungeon, and saw 5 of its levels.

You collected 183 gold pieces.
You spent 20 gold pieces at shops.


   Skills:
 - Level 2.1 Fighting
 + Level 9.9 Ranged Weapons
 - Level 4.4 Dodging
 - Level 1.2 Stealth


You had 5 spell levels left.
You didn't know any spells.
Your spell library was empty.

Inventory:

Hand Weapons
 a - a +0 shortbow of freezing (weapon)
Armour
 b - the +0 robe of Bad Feelings {rF++ Will+ Archmagi}
   (You found it on level 2 of the Dungeon)

   rF++:      It greatly protects you from fire.
   Will+:     It increases your willpower.
   Archmagi:  It increases the power of your magical spells.
 e - the +1 leather armour of the Land of Plenty (worn) {Str-2 Int+5 Dex+4}
   (You found it on level 3 of the Dungeon)

   Str-2:     It affects your strength (-2).
   Int+5:     It affects your intelligence (+5).
   Dex+4:     It affects your dexterity (+4).
 f - a +0 helmet (worn)
 i - a +0 pair of boots (worn)
Jewellery
 n - an amulet of regeneration (around neck)
Scrolls
 j - 3 scrolls of teleportation
Potions
 d - a potion of mutation
 g - a potion of enlightenment
 h - 4 potions of might
 o - 3 potions of resistance
 p - a potion of curing

Dungeon Overview and Level Annotations

Branches:
Dungeon (5/15)
 Temple: D:4-7

Altars:
Dithmenos
Gozag
Kikubaaqudgha
Ru
Vehumet

Shops:
D:3 *


Message History

You feel strangely unstable.
You feel sick. The water moccasin closely misses you.
3193 ||| DRINKING potion of heal wounds.
You feel much better.
You feel sick.
The water moccasin bites you but does no damage.
You shoot an arrow.
The arrow hits the water moccasin but does no damage.
The water moccasin is almost dead.
You feel sick. The water moccasin bites you!
You are more poisoned.
The water moccasin poisons you!
You shoot an arrow. The arrow hits the water moccasin!
The arrow freezes the water moccasin.
You kill the water moccasin!
You feel very sick.
Your Dodging skill increases to level 4!
You shoot an arrow. The arrow barely misses the jackal.
The arrow hits the bombardier beetle!
The arrow freezes the bombardier beetle.
The bombardier beetle is heavily wounded.
You feel very sick. The jackal barely misses you.
You shoot an arrow. The arrow hits the jackal.
The arrow freezes the jackal.
You kill the jackal!
You feel very sick.
The bombardier beetle sprays incendiary fluid at you.
The burning spray hits you.
You are covered in liquid fire!
You shoot an arrow.
The arrow hits the bombardier beetle but does no damage.
The bombardier beetle is severely wounded.
The liquid fire burns you!
You feel very sick.
You shoot an arrow. The arrow hits the bombardier beetle.
The arrow freezes the bombardier beetle.
The bombardier beetle is almost dead.
The liquid fire burns you!
Your surroundings suddenly seem different.
Found a scroll of identify.
You die...

# .. ... ...
#..
#?.######+##
#...@.......
#...........
#.............
...#########...
.. .. . #


There were no monsters in sight!

Vanquished Creatures
  Grinder (D:3)
  A water moccasin (D:5)
  2 hounds (D:4)
  3 adders
  A white imp (D:4)
  A dart slug (D:2)
  3 orcs
  5 endoplasms
  3 giant cockroaches
  8 goblins
  4 hobgoblins
  8 jackals
  4 quokkas
  10 ball pythons
  9 bats
  6 frilled lizards
  10 kobolds
  3 rats
82 creatures vanquished.

Notes
Turn   | Place    | Note
-------+----------+-------------------------------------------
     0 | D:1      | qw the Deep Elf Hunter began the quest for the Orb.
     0 | D:1      | Reached XP level 1. HP: 12/12 MP: 3/3
     0 | D:1      | 0 ||| qw: Version: 0.3-a-157-g843a77d
     0 | D:1      | 0 ||| qw: Game counter: 3879
     0 | D:1      | 0 ||| qw: Melee chars always use a shield: true
     0 | D:1      | 0 ||| qw: God list: Okawaru
     0 | D:1      | 0 ||| qw: Allow faded altars: false
     0 | D:1      | 0 ||| qw: Do Orc after clearing Dungeon:15 true
     0 | D:1      | 0 ||| qw: Do second Lair branch before Depths: true
     0 | D:1      | 0 ||| qw: Lair rune preference: random
     0 | D:1      | 0 ||| qw: Goals: Normal
     0 | D:1      | 0 ||| PLANNING D:1-11
   169 | D:1      | Reached skill level 6 in Ranged Weapons
   169 | D:1      | Reached XP level 2. HP: 16/16 MP: 4/4
   836 | D:1      | 836 ||| UPGRADING to +0 pair of boots.
   841 | D:1      | 841 ||| READING scroll labelled WETZOQ GIATYLL.
   845 | D:1      | 845 ||| READING scroll labelled ELEKHL YHIARO.
   846 | D:1      | 846 ||| DRINKING 2 green potions.
   883 | D:1      | 883 ||| DROPPING scroll of butterflies.
   884 | D:1      | 884 ||| DROPPING potion of lignification.
   925 | D:2      | Identified the +0 robe of Bad Feelings {rF++ Will+
                  | Archmagi}
   945 | D:2      | Reached XP level 3. HP: 20/20 MP: 5/5
  1003 | D:2      | Reached skill level 7 in Ranged Weapons
  1003 | D:2      | HP: 5/20 [poisoned by an adder]
  1007 | D:2      | HP: 2/20 [poisoned by an adder]
  1362 | D:2      | Reached XP level 4. HP: 25/25 MP: 6/6
  1563 | D:2      | 1563 ||| UPGRADING to +0 robe of Bad Feelings {rF++ Will+
                  | Archmagi}.
  1573 | D:2      | 1573 ||| DROPPING +0 leather armour.
  1574 | D:2      | 1574 ||| UPGRADING to +0 helmet.
  1579 | D:2      | 1579 ||| READING scroll labelled IRITEOCUOX.
  1580 | D:2      | 1580 ||| READING scroll labelled LYGGIN KOICHIL.
  1580 | D:2      | 1580 ||| BRANDING +0 shortbow.
  1581 | D:2      | 1581 ||| DRINKING 2 inky potions.
  1582 | D:2      | 1582 ||| DROPPING potion of magic.
  1755 | D:3      | You fall into a shaft and drop 1 floor!
  1918 | D:4      | Reached skill level 8 in Ranged Weapons
  1947 | D:4      | 1947 ||| DROPPING +0 scale mail.
  1950 | D:4      | Found a shadowy altar of Dithmenos.
  1986 | D:3      | Identified the +1 leather armour of the Land of Plenty
                  | {Str-2 Int+5 Dex+4}
  2229 | D:3      | Reached skill level 3 in Dodging
  2267 | D:3      | Found Limiez's General Store.
  2280 | D:3      | 2280 ||| BUYING scroll of identify (20 gold).
  2280 | D:3      | Bought a scroll of identify for 20 gold pieces
  2280 | D:3      | 2280 ||| SHOPLISTING wand of acid (14) (588 gold, have 64).
  2280 | D:3      | 2280 ||| SHOPLISTING wand of flame (17) (119 gold, have
                  | 64).
  2307 | D:3      | Reached XP level 5. HP: 29/29 MP: 7/7
  2324 | D:3      | Noticed Grinder
  2340 | D:3      | Killed Grinder
  2341 | D:3      | Reached skill level 9 in Ranged Weapons
  2341 | D:3      | Reached XP level 6. HP: 21/34 MP: 8/8
  2680 | D:3      | 2680 ||| DROPPING +0 ring mail.
  2681 | D:3      | 2681 ||| UPGRADING to +1 leather armour of the Land of
                  | Plenty {Str-2 Int+5 Dex+4}.
  2691 | D:3      | 2691 ||| UPGRADING to amulet of regeneration.
  2696 | D:3      | 2696 ||| READING 4 scrolls of identify.
  2696 | D:3      | 2696 ||| IDENTIFYING fizzy yellow potion
  2697 | D:3      | 2697 ||| READING 3 scrolls of identify.
  2697 | D:3      | 2697 ||| IDENTIFYING fizzy silvery potion
  2698 | D:3      | 2698 ||| READING 2 scrolls of identify.
  2698 | D:3      | 2698 ||| IDENTIFYING viscous emerald potion
  2699 | D:3      | 2699 ||| READING scroll of identify.
  2699 | D:3      | 2699 ||| IDENTIFYING purple potion
  2700 | D:3      | 2700 ||| DRINKING 2 metallic ruby potions.
  2824 | D:4      | Found an opulent altar of Gozag.
  2825 | D:4      | Found an ancient bone altar of Kikubaaqudgha.
  2844 | D:4      | Found a sacrificial altar of Ru.
  2845 | D:4      | Found a radiant altar of Vehumet.
  3139 | D:4      | 3139 ||| READING scroll of identify.
  3139 | D:4      | 3139 ||| IDENTIFYING puce potion
  3140 | D:4      | 3140 ||| DRINKING 2 lumpy cyan potions.
  3141 | D:4      | 3141 ||| DRINKING 4 glowing ruby potions.
  3142 | D:4      | 3142 ||| DROPPING potion of invisibility.
  3166 | D:5      | Entered Level 5 of the Dungeon
  3180 | D:5      | Noticed a water moccasin
  3181 | D:5      | 3181 ||| DRINKING potion of haste.
  3191 | D:5      | HP: 8/35 [poisoned by a water moccasin]
  3192 | D:5      | 3192 ||| READING 4 scrolls of teleportation.
  3193 | D:5      | 3193 ||| DRINKING potion of heal wounds.
  3195 | D:5      | Killed a water moccasin
  3198 | D:5      | HP: 8/35 [burnt (2)]
  3199 | D:5      | HP: 1/35 [burnt (4)]
  3199 | D:5      | Succumbed to a water moccasin's poison

Levels and vault maps discovered:
D:1:      roadster_arrival_rocket_small, layout_basic, hangedman_feature_mirror,
          nrook_mini_backslash
D:2:      layout_basic
D:3:      layout_basic, serial_shops, nicolae_shop_waterfront, uniq_grinder
D:4:      layout_basic, chequers_temple_overflow_statue_of_worship,
          grunt_dithmenos_smoke_and_mirrors
D:5:      layout_basic, lemuel_tele_altar

Skill      XL: |  1  2  3  4  5  6 |
---------------+-------------------+-----
Ranged Weapons | 6 7 8 9 |  9.9
Dodging        | 3 4 |  4.4
Fighting       | 2 |  2.1
Stealth        | |  1.2

Action                     |  1- 3 |  4- 6 || total
---------------------------+-------+-------++-------
   Fire: Shortbow          |   104 |   119 ||   223
    Use: Scroll            |     2 |     8 ||    10
         Potion            |     1 |     6 ||     7
 Armour: Leather armour    |    13 |    13 ||    26
         Robe              |       |    10 ||    10
  Dodge: Dodged            |    18 |    27 ||    45

Table legend:
 A = Non-vault XP
 B = Vault XP
 C = Vault XP percentage of total XP
 D = Non-vault monster count
 E = Vault monster count
 F = Vault count percentage of total count
                 A         B        C        D         E       F
            +---------+---------+-------+---------+---------+-------
      Total |     418 |     290 |  41.0 |      81 |       1 |   1.2
            +---------+---------+-------+---------+---------+-------
        D:1 |      36 |       0 |   0.0 |      23 |       0 |   0.0
        D:2 |      65 |       0 |   0.0 |      26 |       0 |   0.0
        D:3 |      46 |     290 |  86.3 |      19 |       1 |   5.0
        D:4 |     108 |       0 |   0.0 |      10 |       0 |   0.0
        D:5 |     163 |       0 |   0.0 |       3 |       0 |   0.0
            +---------+---------+-------+---------+---------+-------
